AoeStats
← FthFth

Nomad

510156964Analyzed
4v4 RM · 2d ago on Sep 29, 2026· 48m 24s· 8 players
Game mode
Random Map
Map size
231×231
Population
200
Speed
Normal
Resources
Standard
Victory
Conquest
Starting age
Dark Age
Ending age
Imperial Age
RankedLock teamsTeams togetherTeam positionsShared explorationLock speedFull tech treeHidden civsTurbo modeCheats
Victory
Defeat
🇷🇺 Japanese · Russia
905
+10
🇦🇷 Bohemians · Argentina
892
+10
🇲🇽 Britons · Mexico
866
+11
🇹🇷 Romans · Türkiye
844
+12
🇸🇪 Aztecs · Sweden
850
-13
🇸🇪 Malians · Sweden
741
-10
🇨🇱 Tatars · Chile
736
-10
🇸🇪 Shu · Sweden
734
-10
FthFth
7:25 Loom
17:11 Feudal Age
22:26 Castle Age
20:14 Double-Bit Axe
22:47 Horse Collar
24:57 Bow Saw
25:04 Town Watch
26:30 Man-at-Arms
29:09 Stone Mining
29:14 Gold Mining
29:26 Heavy Plow
30:33 Wheelbarrow
32:11 Gold Shaft Mining
35:57 Imperial Age
33:45 Hand Cart
34:33 Ballistas
34:57 Forging
34:38 Fletching
34:49 Scale Mail Armor
34:49 Padded Archer Armor
37:17 Conscription
41:01 Murder Holes
41:27 Ballistics
42:08 Chemistry
44:29 Long Swordsman
48:05 Crop Rotation
Ahtkel
7:01 Loom
14:56 Feudal Age
18:52 Castle Age
18:00 Fletching
18:11 Padded Archer Armor
18:22 Double-Bit Axe
19:31 Crossbowman
21:02 Bodkin Arrow
24:14 Bow Saw
29:11 Leather Archer Armor
30:35 Horse Collar
34:36 Heavy Plow
35:12 Arson
38:51 Imperial Age
37:34 Ballistics
41:08 Wheelbarrow
41:29 Conscription
42:47 Chemistry
41:28 Treadmill Crane
42:32 Hand Cart
43:20 Two-Man Saw
43:08 Bracer
46:09 Heavy Scorpion
46:51 Gold Mining
47:05 Stone Mining
48:00 Warwolf
48:19 Town Watch
Nasa
16:23 Feudal Age
21:34 Castle Age
23:42 Padded Archer Armor
24:45 Chemistry
24:30 Wagenburg Tactics
24:46 Fervor
24:24 Double-Bit Axe
24:48 Fishing Lines
25:14 Fishing Lines
28:57 Elite Skirmisher
29:31 Fletching
29:56 Leather Archer Armor
31:09 Fletching
44:14 Bow Saw
Mko
16:42 Feudal Age
17:58 Wheelbarrow
22:03 Castle Age
21:52 Fishing Lines
22:09 Horse Collar
22:15 Double-Bit Axe
22:23 Stone Mining
22:24 Gold Mining
23:07 Bow Saw
23:00 Gillnets
24:42 Gold Shaft Mining
25:34 Hand Cart
27:17 Forging
27:08 Scale Mail Armor
27:18 Heavy Plow
29:38 Murder Holes
32:28 Iron Casting
32:08 Chain Mail Armor
32:25 Fortified Wall
31:56 Treadmill Crane
33:33 Ballistics
34:18 Gambesons
34:19 Arson
34:34 Squires
37:33 Imperial Age
35:31 Guard Tower
35:52 Masonry
37:11 Yasama
38:51 Kataparuto
37:54 Elite Samurai
39:00 Conscription
40:23 Plate Mail Armor
40:54 Blast Furnace
43:04 Capped Ram
48:33 Two-Man Saw
48:08 Arrowslits
Orreslayer
4:31 Loom
14:37 Feudal Age
19:54 Castle Age
18:20 Padded Archer Armor
18:30 Double-Bit Axe
18:33 Fishing Lines
19:35 Gold Mining
20:58 Fletching
22:33 Crossbowman
24:51 Stone Mining
28:12 Horse Collar
32:30 Scale Mail Armor
31:56 Elite Skirmisher
33:53 Forging
35:05 Leather Archer Armor
34:47 Bodkin Arrow
36:15 Gambesons
36:32 Squires
37:56 Heavy Plow
38:58 Iron Casting
38:39 Chain Mail Armor
38:41 Leather Archer Armor
43:50 Imperial Age
41:52 Ballistics
42:33 Stone Mining
43:59 Capped Ram
45:03 Conscription
46:27 Plate Mail Armor
48:31 Wheelbarrow
CripKilla356
14:15 Feudal Age
20:04 Double-Bit Axe
22:51 Castle Age
21:29 Horse Collar
22:39 Stone Mining
22:41 Gold Mining
28:31 Bow Saw
29:32 Wheelbarrow
30:04 Elite Skirmisher
31:51 Padded Archer Armor
31:43 Fletching
37:53 Scale Barding Armor
39:46 Tigui
43:41 Husbandry
43:52 Bloodlines
44:32 Chain Barding Armor
44:24 Forging
armo345
16:11 Feudal Age
15:22 Loom
19:04 Double-Bit Axe
23:17 Wheelbarrow
27:01 Man-at-Arms
29:55 Castle Age
29:40 Gold Mining
29:41 Stone Mining
31:02 Bow Saw
32:01 Gold Shaft Mining
31:40 Horse Collar
33:16 Elite Skirmisher
34:51 Scale Barding Armor
34:57 Forging
36:28 Fletching
38:55 Padded Archer Armor
40:24 Long Swordsman
41:22 Scale Mail Armor
42:32 Thumb Ring
42:16 Town Watch
44:56 Crossbowman
46:46 Ballistics
49:05 Imperial Age
47:17 Husbandry
picoegato
14:27 Loom
Connection lost

Rejoining the realm…

Still unreachable

The connection could not be restored.

Session expired

The server has moved on; the page needs a fresh start.